[Event "*** SCC Grand Prix: Titled Tuesday Blitz"]
[Site "Chess.com"]
[Date "2020.07.21"]
[Round "6"]
[White "Danfii"]
[Black "Brave_spirit12"]
[Result "1-0"]
[WhiteElo "2368"]
[BlackElo "2494"]
[TimeControl "180+1"]
[EndTime "11:08:41 PDT"]
[Termination "Danfii won on time"]

1. e4 e6 2. d4 d5 3. Nd2 c5 4. Ngf3 Nc6 5. exd5 exd5 6. Bb5 Bd6 7. O-O Ne7 8. dxc5 Bxc5 9. Nb3 Bd6 10. Bg5 f6 11.
Bh4 O-O 12. Bg3 Bg4 13. Be2 Rc8 14. Nfd4 Bxe2 15. Qxe2 Bxg3 16. hxg3 Qd6 17. Rfe1 Nxd4 18. Nxd4 Nc6 19. Rad1 Qd7 20. c3 Ne5 21. Nf3 Rfe8 22.
Nxe5 fxe5 23. Qd3 Rcd8 24. Rd2 Qc6 25. Red1 h6 26. Qe3 a6 27. Qf3 e4 28. Qe3 Qb5 29. b3 Qc6 30. c4 Re5 31. Qd4 Rh5 32. cxd5 Rhxd5 33. Qxd5+ Rxd5 34. Rxd5 Kh7 35. R5d2 b5 36.
Re2 a5 37. Rde1 a4 38. bxa4 bxa4 39. Rxe4 Qc3 40. R4e3 Qd2 41. R3e2 Qc3 42. f3 a3 43. g4 Kg6 44. Kf2 Kg5 45. Re3 Qc5 46. Re2 h5 47.
gxh5 Kxh5 48. Rd2 Kg5 49. Ke2 Qc4+ 50. Kf2 Qc5 51. g3 Kf6 52. f4 g5 53. Kf3 g4+ 54. Kf2 Kf5 55. Ke2 Qc1 56. Re5+ Kf6 57. Rd6+ Kf7 58.
Rd2 Qh1 59. Re3 Qg2+ 60. Kd3 Qd5+ 61. Kc3 Qc5+ 62. Kd3 Qb5+ 63. Ke4 Qb4+ 64. Rd4 Qb1+ 65. Rdd3 Ke6 66. Kd4+ Kd6 67. Kc4+ Kc7 68. Rxa3 Qc1+ 69. Rac3 Qf1+ 70. Kd4+ 1-0

[Event "*** SCC Grand Prix: Titled Tuesday Blitz"]
[Site "Chess.com"]
[Date "2020.07.21"]
[Round "6"]
[White "ajdemipopushi"]
[Black "White_Ghost"]
[Result "1-0"]
[WhiteElo "2351"]
[BlackElo "2518"]
[TimeControl "180+1"]
[EndTime "11:08:43 PDT"]
[Termination "ajdemipopushi won by checkmate"]

1. Nf3 d5 2. g3 Bg4 3. Bg2 Nf6 4. c4 c6 5. Ne5 Bf5 6. cxd5 cxd5 7. Nc3 Nc6 8. Qa4 Qc7 9. d4 Bd7 10. Nxd7 Qxd7 11. Bg5 e6 12. Bxf6 gxf6 13. O-O f5 14. e3 h5 15. h4 Be7 16. Rfc1 O-O 17. Ne2 Bd6 18. a3 Rfc8 19. Rc2 a6 20. Rac1 b5 21.
Qb3 Na5 22. Qd3 Nc4 23. Bf3 Ra7 24. Bxh5 Rac7 25. Qd1 a5 26. Bf3 b4 27. axb4 axb4 28. b3 Na5 29. Rxc7 Rxc7 30. Rxc7 Qxc7 31. Nc1 Qc3 32. Kg2 Be7 33. Be2 Bf6 34. Bb5 Qb2 35.
Ba4 Nb7 36. Nd3 Qc3 37. Nf4 Nd6 38. Qh5 Ne4 39. Be8 Qc7 40. g4 Kf8 41. Bb5 fxg4 42. Qxg4 Qc2 43. Qf3 Qxb3 44. h5 Ng5 45. Qg4 Qc2 46. Bd3 Qd2 47. h6 b3 48. h7 Ke7 49. h8=Q Bxh8 50. Qxg5+ Bf6 51. Qg4 b2 52. Qe2 Qc1 53. Qc2 Qa1 54. Qb3 Bg5 55. Nh3 Bf6 56. Qb4+ Ke8 57. Bb5+ Kd8 58. Qd6+ Kc8 59. Qc6+ Kb8 60.
Qb6+ Kc8 61. Qc6+ Kb8 62. Qb6+ Kc8 63. Ba6+ Qxa6 64. Qxa6+ Kd7 65. Qb5+ Ke7 66. Qxb2 Kf8 67. Qb7 Kg7 68. Nf4 e5 69. Ne6+ Kg6 70. dxe5 Bxe5 71. Nf4+ Bxf4 72. exf4 f6 73. Qxd5 f5 74. Kf3 Kh5 75.
Qxf5+ Kh6 76. Qg5+ Kh7 77. Kg4 Kh8 78. Kf5 Kh7 79. Kf6 Kh8 80. Qg7# 1-0

[Event "*** SCC Grand Prix: Titled Tuesday Blitz"]
[Site "Chess.com"]
[Date "2020.07.21"]
[Round "6"]
[White "rasmussvane"]
[Black "bascheyaro"]
[Result "0-1"]
[WhiteElo "2878"]
[BlackElo "2737"]
[TimeControl "180+1"]
[EndTime "11:08:48 PDT"]
[Termination "bascheyaro won by resignation"]

1. Nf3 d5 2. g3 Bf5 3. Bg2 e6 4.
O-O Nf6 5. c4 c6 6. Qb3 Qb6 7. d3 Nbd7 8. cxd5 Qxb3 9. axb3 exd5 10. Bd2 Be7 11. b4 O-O 12. Bc3 a6 13. Nbd2 Rad8 14.
Nd4 Bg6 15. N2b3 Bd6 16. Rfe1 Rfe8 17. Bh3 h5 18. f3 Ne5 19. Rad1 Re7 20. Nf5 Bxf5 21.
Bxf5 Rde8 22. Kf1 Nfd7 23. Kf2 Nf8 24. Bh3 Nfg6 25. e4 dxe4 26. dxe4 Bc7 27. Bd4 Nc4 28.
Bf1 Nce5 29. Bh3 Nc4 30. Bf1 Nce5 31. Bc5 Rd7 32. Bh3 Nd3+ 33. Ke3 Nxe1 34. Rxd7 Bb8 35.
Rd1 Nc2+ 36. Kd2 b6 37. Kxc2 bxc5 38. Nxc5 Ne5 39. Bg2 Nc4 40. Rd3 Be5 41. f4 Bd6 42. b3 Bxc5 43. bxc5 Na3+ 44. Kd2 Rb8 45. e5 Rb5 46.
Bxc6 Rxc5 47. Be4 g6 48. Rd7 Kf8 49. Ra7 a5 50. Bd3 Ke8 51. h3 Kf8 52. Ra8+ Kg7 53. Ra7 Kf8 54. Be4 Ke8 55. Kd3 Kf8 56. Kd4 Rb5 57. Ra8+ Kg7 58. Bd5 Nc2+ 59. Kc4 Rb4+ 60. Kc5 Na1 61. Ra7 Nxb3+ 62. Kd6 Rb6+ 63. Kc7 Rb5 64.
Bc4 Rc5+ 65. Kd6 Rxc4 66. e6 Rd4+ 67. Kc6 Re4 68. Rxf7+ Kg8 69. Rf6 Rxe6+ 70. Rxe6 Nd4+ 71. Kb6 Nxe6 72. Kxa5 Nd4 73. Kb4 Ne2 74. f5 gxf5 75. Kc4 Nxg3 76. Kd3 h4 77. Ke3 Kf7 78. Kf3 Kf6 79. Kf4 Kg6 80. Kf3 Kg5 0-1

[Event "*** SCC Grand Prix: Titled Tuesday Blitz"]
[Site "Chess.com"]
[Date "2020.07.21"]
[Round "6"]
[White "wonderfultime"]
[Black "Semen_Khanin"]
[Result "0-1"]
[WhiteElo "2958"]
[BlackElo "2748"]
[TimeControl "180+1"]
[EndTime "11:08:52 PDT"]
[Termination "Semen_Khanin won on time"]

1. d4 Nf6 2. Nf3 g6 3. Bg5 Bg7 4. Nbd2 d6 5. c3 h6 6. Bh4 c5 7. e3 O-O 8. Bd3 Nc6 9. O-O Nh5 10. Qe2 cxd4 11. cxd4 Nb4 12. Bc4 d5 13. Bb3 g5 14.
Bg3 Nxg3 15. hxg3 Bf5 16. Rfc1 e6 17. a3 Bd3 18. Qd1 Nc6 19. Rc3 Bg6 20. Rac1 Qd6 21. Ba4 Ne7 22. Bc2 Bxc2 23. Qxc2 Rac8 24. Qb3 Qd7 25.
Ne1 Nf5 26. Nd3 b6 27. Nf3 f6 28. Qc2 Nd6 29. Rc7 Rxc7 30. Qxc7 Qxc7 31. Rxc7 Rf7 32.
Rc6 Rd7 33. Nd2 Kf7 34. Nb4 Bf8 35. Kf1 Ke8 36. Ke2 Rd8 37. Rc7 Rd7 38. Rc1 Rd8 39. Na2 Rc8 40. Nc3 Kf7 41. Kd3 h5 42.
Rh1 Kg6 43. f3 Nf5 44. Ne2 Bd6 45. f4 g4 46. Nb1 Rh8 47. Nbc3 h4 48. gxh4 Rxh4 49.
Rg1 g3 50. Nb1 e5 51. fxe5 fxe5 52. dxe5 Bxe5 53. Nd2 Bxb2 54. Nf3 Ra4 55. Nf4+ Kf7 56. Nxd5 Bxa3 57. Rh1 Bc5 58. e4 Ra3+ 59. Kd2 Nd6 60. e5 Ne4+ 61. Kc2 Ke6 62. Nf4+ Kf5 63. Nd5 Ra2+ 64.
Kd3 Rxg2 65. Nh4+ Kxe5 66. Kc4 Rc2+ 67. Kb3 Rd2 68. Nf3+ Kxd5 69. Nxd2 Nxd2+ 70. Kc2 Ne4 71. Rh5+ Kd4 72. Rh4 Ke3 73. Kd1 g2 0-1

[Event "*** SCC Grand Prix: Titled Tuesday Blitz"]
[Site "Chess.com"]
[Date "2020.07.21"]
[Round "6"]
[White "Azatic"]
[Black "ErikRonka"]
[Result "0-1"]
[WhiteElo "2530"]
[BlackElo "2383"]
[TimeControl "180+1"]
[EndTime "11:08:53 PDT"]
[Termination "ErikRonka won by resignation"]

1. e4 c6 2. d4 d5 3. e5 c5 4.
dxc5 e6 5. Nf3 Nc6 6. Bd3 Bxc5 7. c3 f6 8. Qe2 fxe5 9. Nxe5 Nxe5 10. Qxe5 Nf6 11.
O-O O-O 12. Bg5 Bd6 13. Qe2 e5 14.
Nd2 Qc7 15. h3 e4 16. Bc2 Bf5 17. c4 Rae8 18. cxd5 Qxc2 19. Qb5 Qc7 20. Rac1 Qd7 21. Qb3 Rc8 22. Nc4 b6 23. Ne3 Bg6 24. Rc6 Rxc6 25.
dxc6+ Qf7 26. Qa4 Rc8 27. Rd1 Bc5 28. Kh1 h6 29. Bxf6 Qxf6 30. Nd5 Qxc6 31. Qc4 Kh7 32. Nf4 Bxf2 33. Qe2 Bg3 34. Qg4 Bxf4 35. Qxf4 Qf6 36.
Qe3 Rf8 37. b4 Qf4 38. Qc3 e3 39. Rd7 Rf7 40. Rd8 e2 41. Re8 Qf1+ 42. Kh2 Qf4+ 43. Kg1 Qf6 44. Qxf6 Rxf6 45. Rxe2 Rf4 46. a3 Rc4 47. Re7 a5 48. bxa5 bxa5 49. Re3 Ra4 50. Kf2 Bf5 51. Rc3 g5 52. g4 Be6 53. Ke3 Kg6 54. Kf3 Kf6 55. Ke3 Rc4 56. Rd3 a4 57.
Kf2 Rc1 58. Rf3+ Ke7 59. Rc3 Rb1 60. Rc7+ Kf6 61. Ra7 Bb3 62. Ra6+ Kg7 63. Ke3 Ra1 64. Ke4 Rxa3 65. Ke5 Ra1 66. h4 Bf7 67. Kf5 Rf1+ 68. Ke4 gxh4 69. Ke3 h3 70. Ke2 h2 71. Kxf1 h1=Q+ 72. Kf2 Qb7 73. Ke3 Qb2 74. g5 a3 75. gxh6+ Kh7 76. Kf4 Qb3 77. Ra7 Qb4+ 78. Kg5 Qc5+ 79. Kf6 Qxa7 80. Ke5 a2 81. Kf6 a1=Q+ 82. Kg5 Qe5+ 83.
Kh4 Qad4+ 0-1

[Event "*** SCC Grand Prix: Titled Tuesday Blitz"]
[Site "Chess.com"]
[Date "2020.07.21"]
[Round "6"]
[White "13MiRacLe"]
[Black "MF1966Idrisov"]
[Result "0-1"]
[WhiteElo "2620"]
[BlackElo "2365"]
[TimeControl "180+1"]
[EndTime "11:08:53 PDT"]
[Termination "MF1966Idrisov won on time"]

1. e4 d5 2. exd5 Qxd5 3. Nc3 Qd6 4. d4 a6 5. Nf3 Nf6 6. g3 e6 7. Bg2 Nc6 8. O-O Be7 9. Bf4 Qd8 10. Qe2 O-O 11. Rad1 Re8 12. Ne5 Bd7 13. Qc4 Bd6 14. Nxc6 Bxc6 15. Bxc6 bxc6 16. Bg5 Qb8 17. Bxf6 gxf6 18.
b3 Qb6 19. a4 a5 20. Ne4 Be7 21. Rfe1 Red8 22. h4 Rd5 23. Rd3 Rad8 24. Red1 R8d7 25. Qc3 Rd8 26. Qd2 f5 27. Nc3 R5d6 28. Ne2 Bf6 29. Qh6 Bg7 30. Qg5 h6 31. Qf4 Qb4 32. Qe3 Qb6 33.
Kg2 R6d7 34. Qd2 Qb7 35. Kg1 Qb6 36. Qc3 Rd5 37. Qc4 R5d6 38. Qc3 Rd5 39. Qd2 R5d6 40. Qf4 R6d7 41. Qc1 Rd6 42. Qb2 c5 43. dxc5 Rxd3 44. Rxd3 Rxd3 45. cxd3 Qxc5 46. d4 Qd5 47. Qc3 c6 48. Kf1 Qh1+ 49. Ng1 Qe4 50. Ne2 f4 51. gxf4 Qh1+ 52. Ng1 Qxh4 53. Qxc6 Bxd4 54. Qa8+ Kg7 55.
Qg2+ Kf6 56. Qf3 Kg7 57. Ne2 Bf6 58. Qg3+ Kf8 59. Qxh4 Bxh4 60. Nd4 Bf6 61. Nc6 Bc3 62. Ke2 h5 63. Kd3 Be1 64. Ke2 Bc3 65. Kf3 Kg7 66. Kg3 Kg6 67. Ne7+ Kf6 68. Nc6 Kf5 69. Ne7+ Ke4 70.
Nc6 Kd3 71. Nd8 Kc2 72. Nxf7 Kxb3 73. Nd8 e5 74. f5 Kxa4 75. f6 Bb4 76. Nc6 Bc5 77.
f7 Kb5 78. Nxe5 a4 0-1

[Event "*** SCC Grand Prix: Titled Tuesday Blitz"]
[Site "Chess.com"]
[Date "2020.07.21"]
[Round "6"]
[White "ikhasu"]
[Black "blitzking1729"]
[Result "1/2-1/2"]
[WhiteElo "2390"]
[BlackElo "2574"]
[TimeControl "180+1"]
[EndTime "11:08:57 PDT"]
[Termination "Game drawn - insufficient material"]

1. e4 d6 2. d4 Nf6 3. Nc3 e5 4. dxe5 dxe5 5. Qxd8+ Kxd8 6. Bc4 Be6 7. Bxe6 fxe6 8. Nf3 Bd6 9. Bg5 a6 10. O-O-O Ke7 11. Kb1 b5 12. Ne2 h6 13. Bh4 g5 14.
Bg3 Nxe4 15. Bxe5 Rd8 16. Bd4 Nc6 17. Be3 Rf8 18. h3 Bc5 19. Bxc5+ Nxc5 20. Ned4 Nxd4 21. Rxd4 Rad8 22. Rhd1 Rxd4 23. Rxd4 Nb7 24. a4 Nd6 25. axb5 axb5 26. b3 Rf5 27. Kb2 c5 28. Rd2 h5 29.
Re2 b4 30. Ne5 Nb5 31. Nd3 Nc3 32. Re1 Kd6 33. Ra1 g4 34. hxg4 hxg4 35. Ra6+ Ke7 36. Kc1 Ne4 37. Ra7+ Kf6 38. Ra8 Rh5 39. f3 Rh1+ 40. Kb2 Nc3 41. Ra1 Nd1+ 42. Ka2 g3 43. Nxc5 Kf5 44. Ne4 Kf4 45. Rc1 Rg1 46. Ka1 e5 47. c4 bxc3 48. Nxc3 Rxg2 49. Rxd1 Rf2 50. Nd5+ Kxf3 51. Rd3+ Ke4 52. Rxg3 Kxd5 53. Kb1 e4 54. Kc1 Kd4 55. Kd1 Rb2 56. Ke1 e3 57. Rg8 Rb1+ 58. Ke2 Rb2+ 59. Ke1 Rxb3 60. Rd8+ Ke4 61. Re8+ Kd3 62. Rd8+ Kc2 63. Rc8+ Rc3 64. Rxc3+ Kxc3 65. Ke2 Kd4 66. Ke1 Ke4 67. Ke2 Kf4 68. Ke1 Kf3 69.
Kf1 e2+ 70. Ke1 Ke4 71. Kxe2 1/2-1/2

[Event "*** SCC Grand Prix: Titled Tuesday Blitz"]
[Site "Chess.com"]
[Date "2020.07.21"]
[Round "6"]
[White "Undisputed92"]
[Black "MergenKakabaev"]
[Result "1/2-1/2"]
[WhiteElo "2642"]
[BlackElo "2503"]
[TimeControl "180+1"]
[EndTime "11:08:58 PDT"]
[Termination "Game drawn by repetition"]

1. e4 e5 2. Nf3 Nc6 3. Bb5 a6 4. Ba4 Nf6 5. O-O Be7 6. Re1 b5 7. Bb3 d6 8. c3 O-O 9. d4 Bg4 10.
Be3 exd4 11. cxd4 Na5 12. Bc2 c5 13. d5 Nc4 14. Bc1 Nd7 15. h3 Bh5 16. Nbd2 Nxd2 17. Bxd2 Bf6 18. Rb1 Ne5 19. g4 Bg6 20. Nxe5 Bxe5 21.
f4 Bd4+ 22. Kg2 f6 23. a4 Qb6 24. Bc3 Bxc3 25. bxc3 c4 26. Qd2 Rfe8 27. Qf2 Qa5 28. Qd4 Re7 29. Rb4 Rae8 30. f5 Bf7 31. Reb1 h5 32.
axb5 axb5 33. Rxb5 Qa2 34. R5b2 Qa6 35. Rb6 Qa2 36.
R6b2 Qa6 37. Qb6 Qxb6 38. Rxb6 Bxd5 39. exd5 Re2+ 40. Kg3 Rxc2 41. Rb8 Rxc3+ 42. Kh4 Rxb8 43. Rxb8+ Kh7 44. Rd8 hxg4 45. hxg4 Rc1 46. Kg3 c3 47.
Kg2 c2 48. Rc8 Kh6 49. Rc4 Kg5 50. Kh2 Kh4 51. Kg2 Rd1 52. Rxc2 Kxg4 53. Rc7 Rd2+ 54.
Kf1 Kxf5 55. Rxg7 Rxd5 56. Ke2 Ra5 57. Rg8 d5 58. Ke3 Ke5 59. Re8+ Kd6 60. Rd8+ Ke7 61. Rb8 Ra4 62. Rb6 Kf7 63. Rd6 Re4+ 64. Kf3 Rc4 65.
Rxd5 Kg6 66. Ra5 Rb4 67. Kg3 f5 68. Kf3 Kg5 69. Ra8 Rb3+ 70. Kf2 Kg4 71. Kg2 Rb2+ 72.
Kf1 f4 73. Ra3 Rc2 74. Rb3 Rh2 75. Ra3 Rh1+ 76. Kf2 Rc1 77. Rb3 Rc2+ 78. Kf1 f3 79.
Rb8 Kg3 80. Rg8+ Kf4 81. Rf8+ Kg3 82. Rg8+ Kf4 83. Rf8+ Kg3 84. Rg8+ 1/2-1/2

[Event "*** SCC Grand Prix: Titled Tuesday Blitz"]
[Site "Chess.com"]
[Date "2020.07.21"]
[Round "6"]
[White "eightbyeightchess"]
[Black "chessdjw"]
[Result "0-1"]
[WhiteElo "2430"]
[BlackElo "2672"]
[TimeControl "180+1"]
[EndTime "11:09:01 PDT"]
[Termination "chessdjw won by checkmate"]

1. e4 c5 2. Nf3 d6 3. d4 cxd4 4. Qxd4 Nf6 5. Bg5 e6 6. Bb5+ Bd7 7. Bxd7+ Nbxd7 8. Nc3 Be7 9. O-O-O Qa5 10. h4 Rc8 11. Kb1 b5 12. e5 dxe5 13. Nxe5 Bc5 14. Qf4 h6 15. Nxd7 Nxd7 16. Rxd7 Kxd7 17. Qxf7+ Kc6 18.
Qxe6+ Kb7 19. Bf4 Rhd8 20. Ne4 Bf8 21. a3 Qb6 22. Qf7+ Ka8 23. Be3 Qb7 24. Qf5 Rd5 25. Qf3 Re5 26. Nd2 Qxf3 27. Nxf3 Rd5 28. Re1 b4 29.
axb4 Bxb4 30. c3 Bf8 31. Bd4 Kb7 32. Nd2 Rdd8 33. Nb3 Re8 34. Rd1 Rcd8 35. Rd3 Be7 36. g3 g5 37. hxg5 hxg5 38. Rf3 Rf8 39. Re3 Rf7 40.
Re6 Rd6 41. Nc5+ Kc6 42. Re5 Rd5 43. Re6+ Rd6 44. Re5 Bf6 45. Rf5 Bxd4 46. Rxf7 Bxc5 47. Kc2 Rg6 48. b4 Bb6 49. c4 g4 50. c5 Bc7 51. Kd3 Bb8 52. Kc4 Bc7 53. b5+ Kb7 54. Re7 Rf6 55. Re2 Rf3 56. Re7 Rxf2 57. Rg7 Rf3 58. b6 axb6 59. cxb6 Kxb6 60. Rxg4 Bxg3 61. Kd4 Bd6 62. Rg6 Kc6 63. Rh6 Rf4+ 64. Kd3 Kd5 65. Rh5+ Be5 66. Rh3 Ra4 67. Kd2 Ke4 68. Rh7 Ra2+ 69.
Ke1 Bd4 70. Kf1 Rf2+ 71. Ke1 Kd3 72. Rh3+ Be3 73. Rh7 Ra2 74. Rd7+ Bd4 75. Kf1 Rf2+ 76. Ke1 Rg2 77. Rf7 Rg5 78. Rf8 Rg4 79. Rf3+ Be3 80. Rf7 Rg1+ 81. Rf1 Rg2 82. Rf7 Ra2 83. Rd7+ Bd4 84. Kf1 Rf2+ 85. Ke1 Rf3 86. Re7 Bc3+ 87. Kd1 Rf1+ 88. Re1 Rxe1# 0-1

[Event "*** SCC Grand Prix: Titled Tuesday Blitz"]
[Site "Chess.com"]
[Date "2020.07.21"]
[Round "6"]
[White "Shield12"]
[Black "DenLaz"]
[Result "1/2-1/2"]
[WhiteElo "2847"]
[BlackElo "2714"]
[TimeControl "180+1"]
[EndTime "11:09:08 PDT"]
[Termination "Game drawn - insufficient material"]

1. e4 e5 2. Nf3 Nc6 3. Bb5 a6 4. Ba4 Nf6 5. O-O Be7 6. Re1 b5 7.
Bb3 d6 8. c3 O-O 9. h3 Na5 10.
Bc2 c5 11. d4 Qc7 12. Nbd2 cxd4 13. cxd4 Nc6 14. d5 Nb4 15. Bb1 a5 16. a3 Na6 17. b4 Bd7 18. Qb3 axb4 19. axb4 Nc5 20. bxc5 Rxa1 21. c6 Bc8 22. Bb2 Ra8 23. Bd3 Ba6 24.
Qb4 Nh5 25. Bf1 f5 26. exf5 Nf4 27. g3 Nxd5 28. Qb3 Qxc6 29. Rc1 Qb7 30. Bg2 Kh8 31. Nh2 Rxf5 32. Bxd5 Qb6 33. Nhf3 Raf8 34. Rc6 Qa5 35. Bc3 b4 36. Bxb4 Qb5 37. Bxd6 Bxd6 38. Qxb5 Bxb5 39.
Rxd6 R5f6 40. Re6 Rxe6 41. Bxe6 e4 42. Ng5 e3 43. fxe3 g6 44. e4 h6 45. Nf7+ Kg7 46.
Nd6 Ba4 47. Bd5 Rb8 48. Kf2 Rb2 49. Ke3 Rc2 50. N6c4 Rc3+ 51. Kf2 Bb5 52. Ne3 Rd3 53. Nf3 Rc3 54. g4 Ra3 55. Nd4 Bd7 56. Kf3 Ra4 57.
Nc6 Ra6 58. Ne5 Be8 59. Bc4 Ra3 60. Bd5 Rc3 61. Nc4 Rb3 62. Kf4 Rb8 63. h4 Bd7 64. g5 Rf8+ 65. Ke5 hxg5 66. hxg5 Rf3 67. Kd6 Be8 68. e5 Rg3 69. Ke7 Ba4 70. e6 Rxg5 71. Kd6 Rg3 72. e7 Be8 73. Be6 Rg1 74.
Nd5 Re1 75. Nc7 Ba4 76. e8=Q Bxe8 77. Nxe8+ Kh6 78. Nf6 Kg5 79. Nd5 Rxe6+ 80. Kxe6 Kh4 81. Nce3 g5 82. Kf5 g4 83. Nxg4 1/2-1/2

[Event "*** SCC Grand Prix: Titled Tuesday Blitz"]
[Site "Chess.com"]
[Date "2020.07.21"]
[Round "6"]
[White "NormWeinstein"]
[Black "CaspiIsrael"]
[Result "1-0"]
[WhiteElo "2470"]
[BlackElo "2614"]
[TimeControl "180+1"]
[EndTime "11:09:12 PDT"]
[Termination "NormWeinstein won by resignation"]

1. e4 e5 2. Nf3 Nc6 3. Bb5 g6 4. O-O Bg7 5. c3 a6 6. Ba4 b5 7.
Bb3 d6 8. d4 exd4 9. cxd4 Bg4 10. Nc3 Nxd4 11. Be3 Bxf3 12. gxf3 Nxb3 13. Qxb3 Ne7 14.
a4 c6 15. axb5 axb5 16. Rxa8 Qxa8 17. Rd1 Qb8 18. Qb4 Nc8 19. Bf4 O-O 20. Bxd6 Nxd6 21. Qxd6 Qc8 22. Qd7 Qa6 23. Rd6 b4 24. Nd1 Qe2 25.
Kg2 c5 26. Rd2 Qa6 27. Ne3 Bd4 28. Nd5 Qe6 29. Qxe6 fxe6 30. Ne7+ Kf7 31. Nc6 e5 32. Rc2 b3 33. Rd2 g5 34. Kg3 Rc8 35. Nxd4 cxd4 36.
Rd3 Rb8 37. h4 h6 38. hxg5 hxg5 39. Kg4 Kg6 40. Rd1 Rc8 41. Rd3 Rb8 42. Rd1 Rb5 43. Rd3 Kf6 44. Rd1 Rb7 45. Rd3 Rb8 46. Rd1 Rh8 47. Rd3 Rh2 48. Kg3 Rh1 49. Rxb3 Rg1+ 50.
Kh2 Rb1 51. Rb6+ Ke7 52. Kg3 d3 53. Rb7+ Ke6 54. Rb6+ Kf7 55. Rb7+ Kg6 56. Rb6+ Kh5 57. Rd6 Rxb2 58. Rxd3 Rb1 59. Rd8 Rb5 60. Rf8 Rc5 61. Rf6 Rc1 62. Re6 Rg1+ 63. Kh2 Rf1 64. Rxe5 Rxf2+ 65.
Kg3 Ra2 66. Re8 Ra3 67. Rg8 Kh6 68. Rf8 Ra5 69. Rf5 Ra1 70. e5 Kg6 71. Rf6+ Kg7 72.
Kg4 Rg1+ 73. Kf5 Re1 74. Rg6+ Kf7 75. Rxg5 Rf1 76. f4 Ke7 77. Rh5 Kf7 78. Rh7+ Kg8 79. Ra7 Rb1 80. Kf6 Rf1 81. f5 Rh1 82. e6 Rh6+ 83.
Kg5 Rh1 84. Kf6 Rh6+ 85. Kg5 Rh1 86. f6 Rg1+ 87. Kh4 Rh1+ 88. Kg3 Re1 89. Ra8+ Kh7 90. f7 Rxe6 91. f8=Q Rg6+ 92. Kf4 1-0

[Event "*** SCC Grand Prix: Titled Tuesday Blitz"]
[Site "Chess.com"]
[Date "2020.07.21"]
[Round "6"]
[White "lelya96"]
[Black "Fortitudine"]
[Result "1-0"]
[WhiteElo "2186"]
[BlackElo "2277"]
[TimeControl "180+1"]
[EndTime "11:09:18 PDT"]
[Termination "lelya96 won by checkmate"]

1. e4 c5 2. Nf3 d6 3. d4 cxd4 4.
Nxd4 Nf6 5. Nc3 Nc6 6. Be2 e5 7. Nb3 a5 8. O-O a4 9. Nd2 Be7 10.
Nc4 O-O 11. Be3 Be6 12. Nb6 Ra5 13. f3 a3 14. b3 Nb4 15. Bf2 d5 16. exd5 Nbxd5 17. Ncxd5 Nxd5 18. Nc4 Ra8 19. Bd3 f6 20. Qc1 b5 21.
Ne3 b4 22. Bc4 Nc7 23. Rd1 Qc8 24. Qd2 Rd8 25. Qe2 Rxd1+ 26. Rxd1 Rb8 27. h3 h6 28. Kh2 Kh8 29. Qd3 Ne8 30. Bxe6 Qxe6 31. Nc4 Rd8 32. Qe2 Rxd1 33. Qxd1 Nd6 34. Nb6 Nf5 35. Nd5 Bf8 36. Qd2 h5 37. Nxb4 e4 38. Qd5 Qxd5 39. Nxd5 exf3 40. gxf3 Bd6+ 41. Kg2 Kh7 42. c4 Kg6 43. c5 Bb8 44. c6 Kf7 45. c7 Bxc7 46. Nxc7 Ke7 47. Nb5 Ke6 48. Nxa3 Kd5 49. Nc4 Ne7 50.
a4 Nc6 51. a5 g5 52. a6 f5 53. a7 Nxa7 54. Bxa7 g4 55. hxg4 fxg4 56. fxg4 hxg4 57.
Kg3 Kc6 58. Kxg4 Kb5 59. Be3 Kb4 60. Nd2 Kc3 61. Kf3 Kd3 62. Kf4 Kc2 63. Ke4 Kc3 64.
Kd5 Kb4 65. Bd4 Kb5 66. Bc3 Ka6 67. b4 Kb5 68. Nb3 Ka4 69. Nd4 Ka3 70. b5 Ka2 71. b6 Kb1 72. b7 Kc1 73. Ne2+ Kc2 74. b8=Q Kd3 75. Qb5+ Kc2 76. Nd4+ Kd1 77. Qe2+ Kc1 78. Qc2# 1-0

[Event "*** SCC Grand Prix: Titled Tuesday Blitz"]
[Site "Chess.com"]
[Date "2020.07.21"]
[Round "6"]
[White "davidkalashian"]
[Black "Trickov"]
[Result "0-1"]
[WhiteElo "2521"]
[BlackElo "2378"]
[TimeControl "180+1"]
[EndTime "11:09:34 PDT"]
[Termination "Trickov won by checkmate"]

1. d4 d5 2. Nf3 Nf6 3. c4 c6 4. Qc2 g6 5. g3 Bg7 6. Bg2 O-O 7. O-O Bf5 8. Qb3 Qb6 9. Nc3 dxc4 10. Qxc4 Nbd7 11. Re1 Ne4 12. e3 Nxc3 13. bxc3 Be4 14. a4 Qc7 15. Ba3 Nb6 16. Qb3 Bd5 17. Qc2 Nc4 18. Bc1 Nd6 19. e4 Bc4 20. Bf4 Qa5 21. e5 Ne8 22. Bg5 f6 23. Bf4 Nc7 24. exf6 exf6 25.
Re7 Nd5 26. Rxb7 Nxf4 27. gxf4 Rab8 28. Rxb8 Rxb8 29. Re1 Bf8 30. f5 Qxf5 31. Qxf5 gxf5 32. Nh4 Rb3 33. Bxc6 Rxc3 34. Nxf5 Kf7 35. Be8+ Kg8 36.
Bc6 Kf7 37. Bg2 Rd3 38. Rc1 Be6 39. Rc7+ Kg6 40. Ne3 Rxd4 41. Rxa7 Rb4 42. h3 Rb1+ 43.
Bf1 Bxh3 44. Rc7 Bd6 45. Rc6 Bf4 46. Rc3 Bxe3 47. Rxe3 Rxf1+ 48. Kh2 Bf5 49. Kg2 Ra1 50. Rg3+ Kf7 51. Rc3 Be6 52. Rc7+ Kg6 53. Ra7 h5 54. Kg3 Kg5 55. a5 Bc4 56. Kg2 Bf1+ 57. Kh2 h4 58.
Ra8 Kf5 59. Rg8 Rxa5 60. Rh8 Ra2 61. Rxh4 Rxf2+ 62. Kg1 Rf3 63. Rh5+ Ke4 64. Ra5 Bd3 65. Ra4+ Ke3 66. Ra8 f5 67. Ra3 f4 68. Ra8 Rg3+ 69. Kh2 Rg5 70. Re8+ Be4 71. Rh8 Rg2+ 72. Kh3 Rg1 73.
Re8 f3 74. Kh4 f2 75. Rf8 f1=Q 76. Rxf1 Rxf1 77. Kg3 Bd3 78. Kg4 Be4 79. Kg5 Rg1+ 80. Kh6 Kf3 81. Kh5 Bd3 82. Kh6 Be2 83. Kh5 Kf4+ 84. Kh6 Bd1 85. Kh7 Kf5 86. Kh6 Kf6 87. Kh7 Be2 88. Kh8 Kf7 89. Kh7 Rh1# 0-1

[Event "*** SCC Grand Prix: Titled Tuesday Blitz"]
[Site "Chess.com"]
[Date "2020.07.21"]
[Round "6"]
[White "Zenzo"]
[Black "anon569"]
[Result "1-0"]
[WhiteElo "2553"]
[BlackElo "2310"]
[TimeControl "180+1"]
[EndTime "11:09:35 PDT"]
[Termination "Zenzo won by resignation"]

1. e4 c5 2. Nf3 d6 3. d4 cxd4 4. Nxd4 Nf6 5. Nc3 a6 6. Be3 e6 7. g4 Be7 8. g5 Nfd7 9. h4 b5 10.
Qh5 Nc5 11. Bg2 Bb7 12. b4 g6 13. Qe2 Ncd7 14. h5 Qc7 15. Ncxb5 axb5 16. Nxb5 Qc8 17.
hxg6 fxg6 18. a4 Na6 19. c3 Nc7 20. Nd4 e5 21. Nb3 Ne6 22. Qd2 Qd8 23. Na5 Rxa5 24. bxa5 Qxa5 25. O-O Ndc5 26. Rfb1 O-O 27. Bxc5 Nxc5 28.
Rb5 Qa7 29. Rab1 Bc6 30. R5b4 Nxa4 31. Qa2+ Kh8 32. Ra1 Qd7 33. Rxa4 Bxa4 34. Qxa4 Qg4 35. Qd1 Qxg5 36. Qd3 Qh4 37. Qg3 Qf6 38. Rc1 Bd8 39.
Rc2 Bb6 40. c4 Ra8 41. Kh2 Ra1 42. Bf3 Ra8 43. Kg2 h5 44. Rd2 Kh7 45. Qh3 Bc5 46.
Qd7+ Kh6 47. Rd1 Rf8 48. Qh3 Qg5+ 49. Qg3 Qf6 50. Qh3 Qe7 51. Qg3 Rf4 52. Rg1 Qf6 53. Kf1 g5 54. Ke2 g4 55. Rh1 Rxf3 56. Qxg4 Rxf2+ 57.
Ke1 Qg5 58. Qe6+ Rf6 59. Qe7 Qe3+ 60. Kd1 Qf3+ 61. Kc2 Qxe4+ 62. Kb3 Qg6 63. Kb2 Rf7 64. Rxh5+ Kg7 65. Qh4 Rf2+ 66. Kb3 Rf7 67. Rg5 e4 68. Rxg6+ Kxg6 69. Qxe4+ Rf5 70. Ka4 Kf6 71. Kb5 Re5 72. Qh4+ Ke6 73. Kc6 Be3 74. Qg4+ Kf6 75. Qh4+ Ke6 76.
Qh3+ Kf6 77. Qf3+ Ke6 78. Qg4+ Kf6 79. Kxd6 Bc5+ 80. Kc6 Be7 81. Qf4+ Ke6 82. Qg4+ Kf6 83. Kb6 Rc5 84. Qd4+ Ke6 85. Qxc5 Bxc5+ 86. Kxc5 Kd7 87. Kb6 Kc8 88. Kc6 Kb8 89. Kd7 Kb7 90. c5 1-0

[Event "*** SCC Grand Prix: Titled Tuesday Blitz"]
[Site "Chess.com"]
[Date "2020.07.21"]
[Round "6"]
[White "queen_iryna"]
[Black "marianokar"]
[Result "0-1"]
[WhiteElo "2272"]
[BlackElo "2428"]
[TimeControl "180+1"]
[EndTime "11:09:41 PDT"]
[Termination "marianokar won by resignation"]

1. d4 Nf6 2. Nc3 d5 3. Bf4 e6 4. e3 a6 5. Nf3 Nbd7 6. Ne5 c5 7. Qf3 b5 8. g4 b4 9. Na4 Nxe5 10. Bxe5 Nd7 11.
Bg3 Bb7 12. Bg2 cxd4 13. exd4 Bc6 14. b3 Bb5 15. c4 bxc3 16. Nxc3 Bb4 17. a3 Qa5 18.
Kd2 Be7 19. b4 Qb6 20. Nxb5 axb5 21. Qd3 O-O 22. h4 Bf6 23. Ke3 Rfc8 24. Rhc1 Rxc1 25. Rxc1 Bxd4+ 26. Ke2 Be5 27. Bxe5 Nxe5 28. Qc3 Nc4 29. Kf1 h6 30. Ra1 Ra4 31. Ra2 Qa6 32. g5 Rxa3 33.
Rxa3 Qxa3 34. Qd4 Qc1+ 35. Ke2 hxg5 36. hxg5 Qxg5 37. Bf3 Qe5+ 38. Qxe5 Nxe5 39. Bg2 Nc6 40. Kd3 Nxb4+ 41. Kd4 Nc2+ 42. Kc3 Na3 43. Kb4 Nc4 44. Kxb5 Kf8 45. Kc5 Ke7 46. Kd4 Kf6 47. Kd3 Ne5+ 48. Ke3 Ng6 49. Kd4 Nf4 50. Bf1 g5 51. Kc5 Ke5 52.
Kb4 f5 53. Kc3 Ke4 54. Kd2 Kf3 55. Ke1 d4 56. Bb5 g4 57. Bc6+ Nd5 58. Bd7 Nc7 59. Bc6+ Kf4 60. Kd2 e5 61. Kd3 Ne6 62. Kd2 Ng5 63.
Bd7 Ne4+ 64. Ke1 Nc5 65. Bc8 e4 66. Kd2 Ke5 67. Ke2 Ne6 68. Ke1 Nf4 69. Kf1 Nd5 70. Ke2 d3+ 71. Kd2 Nf6 72. Ke3 f4+ 73. Kd2 Kd4 74. Ke1 e3 75. fxe3+ fxe3 76. Kd1 g3 77. Bh3 Ne4 78. Ke1 d2+ 79. Ke2 Nc3+ 0-1